 Dungeon Crawl Stone Soup version 0.21.1-1-g345015fe64 (webtiles) character file.

6148 Fymir27 the Summoner (level 10, -42/51 HPs)
             Began as a Vine Stalker Summoner on May 5, 2018.
             Was an Initiate of Gozag.
             Annihilated by tensugalgo's ghost (60 damage)
             ... on level 10 of the Dungeon.
             The game lasted 01:32:33 (10019 turns).

Fymir27 the Summoner (Vine Stalker Summoner)       Turns: 10019, Time: 01:32:33

Health: -42/51     AC:  7    Str: 20    XL:     10   Next: 90%
Magic:  0/20       EV: 21    Int: 18    God:    Gozag
Gold:   1133       SH:  0    Dex: 20    Spells: 6/21 levels left

rFire    . . .     SeeInvis .   l - +2 dagger (venom)
rCold    . . .     Gourm    .   (no shield)
rNeg     . . .     Faith    .   a - +0 robe
rPois    +         Spirit   +   (no helmet)
rElec    .         Reflect  .   u - +2 cloak {rPois}
rCorr    .         Harm     .   m - +0 pair of gloves
MR       +....                  J - +0 pair of boots
Stlth    +++++.....             (no amulet)
HPRegen  0.57/turn              B - +4 ring of strength
MPRegen  0.17/turn              (no ring)

@: mighty, agile, sleeping, very slightly contaminated, hasted, drained
A: fangs 3, regeneration 1, magic shield, antimagic bite, no potion heal 3, rot
immunity
a: Potion Petition, Call Merchant, Bribe Branch, Renounce Religion


You were on level 10 of the Dungeon.
You worshipped Gozag.
Gozag was most pleased with you.
You were not hungry.

You visited 2 branches of the dungeon, and saw 12 of its levels.
You also visited: Sewer and Ossuary.

You collected 1695 gold pieces.
You paid 562 gold pieces to Gozag.

Inventory:

Hand Weapons
 d - a +3 quarterstaff of chaos
 e - a +2 trident of distortion
 l - a +2 dagger of venom (weapon)
 X - a +3 dagger
 Y - a +3 trident
Missiles
 o - 169 stones (quivered)
 q - 4 silver javelins
 E - 9 javelins
Armour
 a - a +0 robe (worn)
 m - a +0 pair of gloves (worn)
 u - a +2 cloak of poison resistance (worn)
 J - a +0 pair of boots (worn)
 K - a +0 large shield
 R - a +0 scale mail of cold resistance
Jewellery
 j - an uncursed amulet of harm
 B - a +4 ring of strength (left hand)
 T - an uncursed amulet of magic regeneration
Wands
 x - a wand of polymorph (30)
 A - a wand of enslavement (4)
 L - a wand of iceblast (6)
 S - a wand of disintegration (8)
Scrolls
 g - a scroll of enchant armour
 h - 2 scrolls of magic mapping
 n - 5 scrolls of teleportation
 t - a scroll of fog
 D - 2 scrolls of fear
 V - a scroll of remove curse
Potions
 i - 2 potions of curing
 k - 2 potions of brilliance
 r - a potion of ambrosia {unknown}
 s - a potion of experience {unknown}
 v - a potion of cancellation {unknown}
 w - 2 potions of flight {unknown}
 z - 3 potions of degeneration {unknown}
 C - 3 potions of haste
 F - 2 potions of might
 G - 3 potions of magic {unknown}
 H - a potion of heal wounds {unknown}
 I - 2 potions of agility {unknown}
 U - a potion of invisibility {unknown}
Books
 b - a book of Callings

   Spells                             Type                      Level
   a - Summon Small Mammal            Summoning                    1
   b - Call Imp                       Summoning                    2
   c - Call Canine Familiar           Summoning                    3
   d - Summon Guardian Golem          Hexes/Summoning              3
   e - Summon Lightning Spire         Summoning/Air                4
   f - Summon Ice Beast               Ice/Summoning                4
 p - a book of Minor Magic

   Spells                             Type                      Level
   a - Magic Dart                     Conjuration                  1
   b - Blink                          Translocation                2
   c - Call Imp                       Summoning                    2
   d - Slow                           Hexes                        2
   e - Conjure Flame                  Conjuration/Fire             3
   f - Mephitic Cloud                 Conjuration/Poison/Air       3
 y - a book of Geomancy

   Spells                             Type                      Level
   a - Sandblast                      Earth                        1
   b - Passwall                       Transmutation/Earth          2
   c - Stone Arrow                    Conjuration/Earth            3
   d - Petrify                        Transmutation/Earth          4
   e - Lee's Rapid Deconstruction     Earth                        5
Miscellaneous
 M - a sack of spiders
 Q - a lamp of fire (inert)
Comestibles
 c - 12 rations


   Skills:
 + Level 5.3(5.2) Fighting
 - Level 3.3(3.2) Short Blades
 - Level 0.4(0.3) Polearms
 + Level 5.3(5.2) Dodging
 - Level 7.0(6.9) Stealth
 + Level 6.4(6.3) Spellcasting
 + Level 2.7 Conjurations
 - Level 8.0(7.9) Summonings
 - Level 3.0 Translocations
 + Level 1.6(1.5) Transmutations
 + Level 4.5(4.4) Air Magic
 + Level 1.8(1.7) Earth Magic
 + Level 2.1 Evocations


You had 6 spell levels left.
You knew the following spells:

 Your Spells              Type           Power        Failure   Level  Hunger
a - Magic Dart            Conj           ###.         3%          1    None
b - Call Imp              Summ           ####....     1%          2    None
c - Call Canine Familiar  Summ           ####....     1%          3    ##.....
d - Blink                 Tloc           N/A          4%          2    None
e - Summon Lightning Spi  Summ/Air       ####....     9%          4    ####...
f - Summon Small Mammal   Summ           ####         1%          1    None
g - Passwall              Tmut/Erth      ##........   9%          2    None


Dungeon Overview and Level Annotations

Branches:
Dungeon (11/15)            Temple (1/1) D:6             Orc (0/2) D:9
   Lair: D:8-11

Altars:
Ashenzari
Cheibriados
Dithmenos
Elyvilon
Fedhas
Gozag
Hepliaklqana
Kikubaaqudgha
Makhleb
Nemelex Xobeh
Okawaru
Qazlal
Ru
Sif Muna
Trog
Uskayaw
Vehumet
Wu Jian
Xom
Yredelemnul
Zin
The Shining One

Shops:
D:6 [   D:7 [   D:9 %   D:11 %

Annotations:
D:10 tensugalgo's ghost, journeyman DrGl


Innate Abilities, Weirdness & Mutations

You have razor-sharp teeth.
Your natural rate of healing is unusually fast.
When hurt, damage is shared between your health and your magic reserves.
Your bite disrupts and absorbs the magic of your enemies.
Potions cannot restore your health.
You are immune to rotting.


Message History

Tensugalgo's ghost hits your crimson imp.
Your crimson imp's magic leaks into the air.
Your crimson imp blinks!
Your crimson imp closely misses tensugalgo's ghost.
Your crimson imp hits tensugalgo's ghost.
Tensugalgo's ghost casts a spell at you.
You fall asleep.
Your crimson imp barely misses tensugalgo's ghost.
Your crimson imp hits tensugalgo's ghost but does no damage.
Your crimson imp disappears in a puff of smoke!
Your crimson imp completely misses tensugalgo's ghost.
Your crimson imp blinks!
Your crimson imp falters for a moment.
Tensugalgo's ghost misses you. Tensugalgo's ghost barely misses you.
Your crimson imp hits tensugalgo's ghost but does no damage.
Tensugalgo's ghost hits you!!!
Ouch! That really hurt!
You die...
Your body crumbles into a pile of gold.

#....)..# .
#.......#..(
#####......<'...
#.........###
#.........# ##
#.....$..(# #.
#....5....######## #.
#....W5..........# #.
#...@............###.
#....................
#.....(..............
#...$................
#....$.....##########
#...>(.....#........ยง
#(.........#.........
#..........#.........
#####......##########


You could see tensugalgo's ghost and 2 friendly crimson imps.

Vanquished Creatures
  2 two-headed ogres (D:8)
  Sonja (D:10)
  Joseph (D:7)
  Psyche (D:10)
  A troll (D:9)
  Sigmund (D:5)
  A wyvern (D:9)
  A water moccasin (D:6)
  2 ice beasts
  An orc warrior (D:9)
  A black bear (D:6)
  A phantom (D:8)
  4 centaurs
  2 scorpions
  4 killer bees (D:10)
  2 wights (D:10)
  3 crimson imps
  2 bullfrog zombies
  A quasit (D:9)
  A human zombie (Ossuary)
  A jelly (D:6)
  4 orc priests
  4 hounds
  4 bullfrog skeletons
  Ijyb (D:5)
  Natasha (D:3)
  An iguana (D:8)
  3 orc wizards (D:10)
  A worker ant (D:8)
  A big kobold zombie (Ossuary)
  4 hound skeletons
  2 worker ant zombies
  2 mummies (Ossuary)
  4 gnolls
  5 adders
  3 river rats
  A shadow imp (D:7)
  A worm (D:3)
  2 dart slugs
  7 leopard geckos
  19 orcs
  3 ball pythons
  3 giant cockroaches
  8 hobgoblins
  12 jackals
  8 quokkas
  3 bats
  7 frilled lizards
  5 goblins
  3 goblin zombies (Ossuary)
  A hobgoblin zombie (Ossuary)
  5 kobolds
  A leopard gecko skeleton (D:5)
  2 orc zombies (Ossuary)
  13 rats
178 creatures vanquished.

Vanquished Creatures (collateral kills)
  2 hippogriffs (D:10)
  A wyvern (D:10)
  A hungry ghost (D:9)
  A sky beast (D:6)
  2 ice beasts (D:6)
  A black bear (D:6)
  An orc warrior (D:10)
  A phantom (D:4)
  3 ogres
  An elf zombie (Ossuary)
  A bullfrog (D:7)
  2 scorpions
  3 killer bees (D:7)
  2 wights (D:10)
  A crimson imp (D:5)
  A hound (D:8)
  A human zombie (Ossuary)
  3 centaur skeletons
  3 orc priests
  Crazy Yiuf (D:3)
  4 orc wizards
  Natasha (twice) (D:3)
  5 worker ants
  A big kobold zombie (Ossuary)
  A hound skeleton (D:9)
  4 gnolls
  5 adders
  2 river rats (Sewer)
  A shadow imp (D:5)
  3 worms
  2 leopard geckos
  18 orcs
  2 giant cockroaches
  6 hobgoblins
  7 jackals
  2 ball pythons (Sewer)
  A bat (D:1)
  3 frilled lizards
  A gnoll zombie (Ossuary)
  7 goblins
  A goblin zombie (Ossuary)
  A hobgoblin zombie (Ossuary)
  2 kobolds (D:10)
  A leopard gecko skeleton (D:6)
  6 rats
120 creatures vanquished.

Vanquished Creatures (others)
  The ghost of tensugalgo the Spear-Bearer, a novice MfGl (D:5)
  A troll (D:8)
2 creatures vanquished.

Grand Total: 300 creatures vanquished

Notes
Turn   | Place    | Note
-------+----------+-------------------------------------------
     0 | D:1      | Fymir27 the Vine Stalker Summoner began the quest for the Orb.
     0 | D:1      | Reached XP level 1. HP: 9/9 MP: 4/4
   250 | D:1      | Reached XP level 2. HP: 9/13 MP: 3/6
   307 | D:1      | Learned a level 2 spell: Call Imp
   936 | D:2      | Reached XP level 3. HP: 11/17 MP: 2/7
  1225 | D:2      | Learned a level 3 spell: Call Canine Familiar
  1718 | D:3      | Gained mutation: Your natural rate of healing is unusually fast. [Vine Stalker growth]
  1718 | D:3      | Reached XP level 4. HP: 21/21 MP: 2/8
  1729 | D:3      | Reached skill level 1 in Fighting
  1885 | D:3      | Learned a level 2 spell: Blink
  2294 | D:3      | Found a runed door.
  2294 | D:3      | Noticed Natasha
  2298 | D:3      | Killed Natasha
  2320 | D:3      | Noticed Crazy Yiuf
  2333 | D:3      | Killed Crazy Yiuf
  2333 | D:3      | Reached XP level 5. HP: 25/25 MP: 1/10
  2467 | D:3      | Noticed Natasha
  2474 | D:3      | Killed Natasha
  2537 | D:3      | Found a burning altar of Makhleb.
  2709 | D:3      | Found a burning altar of Makhleb.
  2771 | D:3      | Noticed Natasha
  2778 | D:3      | Killed Natasha
  3018 | D:4      | Reached skill level 5 in Summonings
  3022 | D:4      | Reached skill level 1 in Translocations
  3061 | D:4      | Reached XP level 6. HP: 20/30 MP: 2/11
  3317 | D:4      | Noticed a phantom
  3344 | D:4      | Killed a phantom
  3423 | D:4      | Found a glowing drain.
  3428 | Sewer    | Entered a sewer
  3835 | D:4      | Found a shadowy altar of Dithmenos.
  4090 | D:4      | Reached XP level 7. HP: 33/34 MP: 10/13
  4517 | D:5      | Entered Level 5 of the Dungeon
  4519 | D:5      | Noticed tensugalgo's ghost (novice MfGl)
  4716 | D:5      | Noticed Ijyb
  4723 | D:5      | Killed Ijyb
  4736 | D:5      | Reached skill level 1 in Short Blades
  4771 | D:5      | Learned a level 4 spell: Summon Lightning Spire
  4773 | D:5      | Learned a level 1 spell: Magic Dart
  4795 | D:5      | Noticed Sigmund
  4820 | D:5      | Killed Sigmund
  4901 | D:5      | Killed tensugalgo's ghost
  5505 | D:6      | Reached skill level 1 in Conjurations
  5575 | D:6      | Reached skill level 6 in Summonings
  5619 | D:6      | Gained mutation: You have razor-sharp teeth. [Vine Stalker growth]
  5619 | D:6      | Reached XP level 8. HP: 34/39 MP: 11/14
  5680 | D:6      | Reached skill level 5 in Stealth
  5699 | D:6      | Found Wypnul's Armour Shoppe.
  5747 | D:6      | Learned a level 2 spell: Passwall
  5953 | D:6      | Found a staircase to the Ecumenical Temple.
  5993 | Temple   | Entered the Ecumenical Temple
  6093 | Temple   | Became a worshipper of Gozag Ym Sagoz the Greedy
  6111 | D:6      | Found a bloodstained altar of Trog.
  6613 | D:7      | Found Xivodej's Armour Shop.
  6622 | D:7      | Reached skill level 7 in Summonings
  6741 | D:7      | Noticed Joseph
  6767 | D:7      | Killed Joseph
  6767 | D:7      | Reached skill level 1 in Air Magic
  6767 | D:7      | Reached XP level 9. HP: 37/45 MP: 2/17
  6841 | D:7      | Found a sand-covered staircase.
  6846 | Ossuary  | Entered an ossuary
  6974 | Ossuary  | Reached skill level 5 in Spellcasting
  7186 | D:8      | Found a snail-covered altar of Cheibriados.
  7194 | D:8      | Noticed a troll
  7212 | D:8      | Noticed a two-headed ogre
  7262 | D:8      | Found a blossoming altar of Fedhas.
  7351 | D:8      | Killed a two-headed ogre
  7653 | D:8      | Noticed a two-headed ogre
  7669 | D:8      | Killed a two-headed ogre
  7669 | D:8      | Reached XP level 10. HP: 36/51 MP: 12/19
  7930 | D:9      | Found a staircase to the Orcish Mines.
  8026 | D:9      | Found Rihad's Food Boutique.
  8289 | D:9      | Found a sparkling altar of Nemelex Xobeh.
  8289 | D:9      | Found an ancient bone altar of Kikubaaqudgha.
  8293 | D:9      | Found a radiant altar of Vehumet.
  8293 | D:9      | Found a white marble altar of Elyvilon.
  8464 | D:10     | Entered Level 10 of the Dungeon
  8709 | D:9      | Reached skill level 8 in Summonings
  8752 | D:10     | Reached skill level 1 in Evocations
  8785 | D:10     | Reached skill level 5 in Dodging
  8826 | D:10     | Reached skill level 5 in Fighting
  9119 | D:10     | Noticed Sonja
  9161 | D:10     | Killed Sonja
  9161 | D:10     | Reached skill level 1 in Transmutations
  9161 | D:10     | Reached skill level 1 in Earth Magic
  9710 | D:10     | Noticed tensugalgo's ghost (journeyman DrGl)
  9898 | D:11     | Found Omoc's Food Emporium.
  9898 | D:11     | Noticed a two-headed ogre
  9964 | D:11     | Noticed Psyche
  9964 | D:11     | Noticed a manticore
  9996 | D:10     | Killed Psyche
 10019 | D:10     | Annihilated by tensugalgo's ghost

Skill      XL: |  1  2  3  4  5  6  7  8  9 10 |
---------------+-------------------------------+-----
Stealth        | 3 4 5 6 7 |  7.0
Dodging        | 2 3 4 5 |  5.3
Fighting       | 1 2 3 4 5 |  5.3
Summonings     | 5 6 7 8 |  8.0
Spellcasting   | 3 4 5 6 |  6.4
Translocations | 1 2 3 |  3.0
Short Blades   | 1 2 3 |  3.3
Conjurations   | 1 2 |  2.7
Air Magic      | 1 3 4 |  4.5
Evocations     | 2 |  2.1
Transmutations | 1 |  1.6
Earth Magic    | 1 |  1.8
Polearms       | |  0.4

Action                   |  1- 3 |  4- 6 |  7- 9 | 10-12 || total
-------------------------+-------+-------+-------+-------++-------
Melee: Unarmed           |     6 |       |       |       ||     6
       Dagger            |    58 |   154 |   178 |   170 ||   560
       Bite              |     7 |    39 |    97 |    69 ||   212
       Spear             |       |       |   178 |       ||   178
       War axe           |       |       |     7 |       ||     7
       Falchion          |       |       |     2 |       ||     2
 Cast: Summon Small Mamm |    17 |       |     8 |     2 ||    27
       Call Imp          |    26 |    33 |    56 |    39 ||   154
       Call Canine Famil |     3 |    14 |    27 |    23 ||    67
       Blink             |       |     1 |     1 |     2 ||     4
       Magic Dart        |       |       |    21 |    54 ||    75
Invok: Potion Petition   |       |       |     1 |     1 ||     2
Evoke: Wand              |       |       |     2 |     2 ||     4
       Lamp of fire      |       |       |       |     1 ||     1
  Use: Scroll            |       |       |    14 |     8 ||    22
       Potion            |       |       |       |     1 ||     1
 Stab: Sleeping          |     7 |    11 |    19 |       ||    37
       Distracted        |     1 |       |     3 |     2 ||     6
       Invisible         |       |       |       |     1 ||     1
  Eat: Chunk             |     5 |    11 |     8 |       ||    24
       Ration            |       |       |     2 |     3 ||     5
Armor: Robe              |    14 |    38 |    90 |    64 ||   206
Dodge: Dodged            |    42 |    98 |   236 |   184 ||   560
       Rpst.: Falchion   |       |       |     1 |       ||     1
